 Dungeon Crawl Stone Soup version 0.30.1-3-gfc49f6343a (webtiles) character file.

Game seed: 6761266901422490649

50155 shmup the Scorcher (level 14, -19/83 HPs)
             Began as a Tengu Fire Elementalist on Aug 5, 2023.
             Was a High Priest of Vehumet.
             Demolished by a two-headed ogre
             ... wielding a +0 giant spiked club
              (27 damage)
             ... on level 1 of the Orcish Mines on Aug 6, 2023.
             The game lasted 01:38:29 (30089 turns).

shmup the Scorcher (Tengu Fire Elementalist)       Turns: 30089, Time: 01:38:31

Health: -19/83     AC:  5    Str:  9    XL:     14   Next: 54%
Magic:  28/28      EV: 20    Int: 25    God:    Vehumet [*****.]
Gold:   1324       SH:  0    Dex: 16    Spells: 1/31 levels left

rFire   + . .        b - staff of poison
rCold   . . .        (no shield)
rNeg    . . .        r - +0 robe {Will+}
rPois   +            (helmet restricted)
rElec   .            B - scarf {shadows}
rCorr   .            q - +2 pair of gloves
SInv    .            (boots unavailable)
Will    ++...        x - amulet of the acrobat
Stlth   ++           C - ring of protection from fire
HPRegen 0.33/turn    N - +6 ring of intelligence
MPRegen 0.21/turn

%: acrobat
@: flying quickly and evasively, quick
A: beak, talons 3, nimble flight
a: Renounce Religion


You were on level 1 of the Orcish Mines.
You worshipped Vehumet.
Vehumet was extremely pleased with you.
You visited 4 branches of the dungeon, and saw 19 of its levels.

You collected 1324 gold pieces.

Inventory:

Hand Weapons
 a - a +4 spear of venom
 c - a +0 spear of freezing
 D - the +5 hand axe "Xosh" {holy, *Corrode rF- rC+ Int+7}
   (You found it on level 2 of the Lair of Beasts)

   Int:       It affects your intelligence (+7).
   rF:        It makes you vulnerable to fire.
   rC:        It protects you from cold.
   *Corrode:  It may corrode you when you take damage.
 W - the +3 mace "Wedy" {heavy, rCorr Str+5 SInv Stlth-}
   (You found it on level 7 of the Dungeon)

   Str:       It affects your strength (+5).
   SInv:      It lets you see invisible.
   rCorr:     It protects you from acid and corrosion.
   Stlth:     It makes you less stealthy.
 Z - a +1 antimagic spear
Missiles
 g - 2 javelins
 n - 2 boomerangs
 t - 44 poisoned darts
 z - 2 curare-tipped darts
 M - 4 silver javelins
 T - 5 silver boomerangs
 U - 6 throwing nets
Armour
 q - a +2 pair of gloves (worn)
 r - a +0 robe of willpower (worn)
 B - a scarf of shadows (worn)
 G - the +1 leather armour "Ankaixo" {Will+}
   (You found it on level 11 of the Dungeon)

   Will:      It increases your willpower.
Magical Staves
 b - a staff of poison (weapon)
 o - a staff of air
Jewellery
 e - a ring of positive energy
 h - a +5 ring of evasion
 w - a ring of willpower
 x - an amulet of the acrobat (around neck)
 C - a ring of protection from fire (left hand)
 N - a +6 ring of intelligence (right hand)
 R - a +4 ring of protection
Wands
 y - a wand of flame (30)
 I - a wand of quicksilver (7)
 K - a wand of digging (8)
 Q - a wand of mindburst (36)
 X - a wand of roots (5)
Scrolls
 f - a scroll of brand weapon
 j - 3 scrolls of fear
 k - 4 scrolls of fog
 l - 4 scrolls of poison
 s - 2 scrolls of enchant armour
 F - 2 scrolls of amnesia
 J - 2 scrolls of noise
 P - a scroll of magic mapping
 S - 2 scrolls of blinking
 V - a scroll of butterflies
 Y - 3 scrolls of teleportation
Potions
 d - a potion of mutation
 i - 5 potions of curing
 m - a potion of magic
 p - 13 potions of heal wounds
 u - 8 potions of might
 v - a potion of haste
 A - 3 potions of lignification
 E - 2 potions of brilliance
 H - 6 potions of ambrosia
 L - 4 potions of berserk rage
 O - 2 potions of invisibility


   Skills:
 - Level 7.9 Fighting
 - Level 9.1 Dodging
 - Level 2.0 Stealth
 - Level 9.0 Spellcasting
 * Level 13.6 Conjurations
 - Level 4.9 Hexes
 * Level 11.2 Summonings
 - Level 15.1 Fire Magic


You had one spell level left.
You knew the following spells:

 Your Spells              Type           Power      Damage    Failure   Level
a - Foxfire               Conj/Fire      100%       2x1d9     0%          1
b - Scorch                Fire           100%       2d9       0%          2
c - Inner Flame           Hex/Fire       57%        N/A       1%          3
d - Summon Guardian Gole  Hex/Summ       51%        N/A       1%          3
e - Spellforged Servitor  Conj/Summ      32%        N/A       8%          7
f - Fireball              Conj/Fire      35%        3d15      1%          5
j - Arcjolt               Conj/Air       22%        1d32      2%          5
w - Flame Wave            Conj/Fire      70%        2d16      1%          4

Your spell library contained the following spells:

 Spells                   Type           Power      Damage    Failure   Level
 Starburst                Conj/Fire      35%        6d10      1%          6
 Magic Dart               Conj           100%       1d8       0%          1
 Summon Small Mammal      Summ           100%       N/A       1%          1
 Beastly Appendage        Tmut           22%        N/A       5%          1
 Searing Ray              Conj           100%       2d8       1%          2
 Call Canine Familiar     Summ           61%        N/A       1%          3
 Hailstorm                Conj/Ice       45%        3d10      1%          3
 Volatile Blastmotes      Fire/Tloc      98%        2d18      1%          3
 Fulminant Prism          Conj/Hex       27%        3d14      1%          4
 Iskenderun's Mystic Bla  Conj/Tloc      45%        2d10      1%          4
 Summon Mana Viper        Hex/Summ       51%        N/A       5%          5
 Portal Projectile        Hex/Tloc       46%        N/A       6%          3
 Freezing Cloud           Conj/Ice/Air   17%        6-21      7%          5
 Wereblood                Tmut           11%        N/A       9%          2
 Summon Cactus Giant      Summ           30%        N/A       9%          6
 Plasma Beam              Fire/Air       24%        2x1d40    11%         6
 Gell's Gravitas          Tloc           11%        N/A       16%         3
 Spider Form              Tmut/Pois      16%        N/A       16%         3
 Teleport Other           Tloc           11%        N/A       16%         3
 Vhi's Electric Charge    Tloc/Air       22%        N/A       16%         3
 Summon Forest            Summ/Tloc      19%        N/A       16%         5
 Leda's Liquefaction      Hex/Erth       11%        N/A       21%         4
 Summon Hydra             Summ           30%        N/A       41%         7
 Manifold Assault         Tloc           11%        N/A       47%         4
 Alistair's Intoxication  Tmut/Pois      10%        N/A       83%         5
 Borgnjor's Vile Clutch   Necr/Erth      5%         N/A       83%         5
 Eringya's Noxious Bog    Tmut/Pois      8%         N/A       87%         6
 Dispersal                Tloc           5%         N/A       100%        6
 Disjunction              Tloc           5%         N/A       100%        8


Dungeon Overview and Level Annotations

Branches:
Dungeon (12/15) Zot: 25538  Temple (1/1) D:5 Zot: 5869    Lair (5/5) D:9 Zot: 19736
 Shoals (0/4) Lair:2       Spider (0/4) Lair:3        Slime (0/5) Lair:5
    Orc (1/2) D:12 Zot: 5953

Altars:
Ashenzari
Cheibriados
Dithmenos
Elyvilon
Fedhas
Gozag
Hepliaklqana
Kikubaaqudgha
Makhleb
Nemelex Xobeh
Okawaru
Qazlal
Ru
Sif Muna
Trog
Uskayaw
Vehumet
Wu Jian
Xom
Yredelemnul
Zin
The Shining One
Jiyva

Shops:
D:2 :   D:6 [   D:10 *:

Annotations:
D:2 1 exclusion, Sigmund
D:5 1 runed translucent door


Innate Abilities, Weirdness & Mutations

You have a beak for a mouth.
You have claws for feet.
Your magical nature lets you fly swiftly and evasively.


Message History

The flame wave engulfs the orc priest!!
You kill the orc priest!
Vehumet accepts your kill.
You hear a shout! x2
An orc wizard comes into view. It is wielding a +0 dagger.
An orc warrior comes into view. It is wielding a +0 trident.
A warg comes into view.
A wave of flame ripples out!
The flame wave engulfs the two-headed ogre!
The two-headed ogre is severely wounded.
The flame wave engulfs the orc warrior.
The orc warrior is lightly wounded.
The flame wave engulfs the orc warrior but does no damage.
The flame wave engulfs the orc.
The orc is heavily wounded.
The flame wave engulfs the orc wizard!!
You kill the orc wizard!
Vehumet accepts your kill.
You feel your power returning.
You finish channelling waves of flame.
You hear a howl!
The orc knight roars a battlecry!
The orcs go into a battle-frenzy!
An orc comes into view. It is wielding a +0 hand axe.
The two-headed ogre hits you with a +0 giant spiked club!!!
* * * LOW HITPOINT WARNING * * *
The two-headed ogre completely misses you.
The orc shouts!
You can't go up here!
The orc warrior misses you.
There is a staircase back to the Dungeon here.
Items here: % ) [.
Unknown command.
The orc wizard casts a spell.
The orc wizard flickers and vanishes!
Deactivating autopickup; reactivate with Ctrl-A.
The orc priest mumbles some strange prayers to Beogh against you.
Beogh smites you!
* * * LOW HITPOINT WARNING * * *
The two-headed ogre hits you with a +0 giant spiked club!!
You die...

▒▒... ......▒▒
..o....▒ ▒▒▒
.....{.▒▒▒.▒▒
▒..ooo..▒...▒
▒....o.....▒▒
.....oo)....▒▒▒
..▒.hQ.▒..▒▒.▒▒
....).oO▒▒.....▒▒▒
......o).)....▒▒.▒▒
.........)...▒....▒
.........▒.......▒▒
...>............▒▒ ▒.
................▒▒...
....................▒
..▒.▒.▒..▒....▒▒.▒▒▒


You could see an orc knight, a two-headed ogre, a warg, 4 orc warriors, an orc
priest (strong) and 3 orcs.

Vanquished Creatures
  A dire elephant (Lair:5)
  2 hydras
  An ogre mage (D:11)
  A boulder beetle (D:12)
  8 two-headed ogres
  3 death yaks (Lair:5)
  Urug (Lair:4)
  Nergalle (D:11)
  An orc knight (D:12)
  A necromancer (Lair:5)
  A manticore (D:12)
  An ugly thing (D:12)
  A cyclops (D:12)
  12 elephants
  Joseph (D:8)
  4 black mambas
  3 gargoyles (D:12)
  A dire elephant skeleton (Lair:5)
  2 torpor snails
  3 rime drakes
  Psyche (D:10)
  7 cane toads
  8 komodo dragons
  A queen bee (D:10)
  5 trolls
  A polar bear (Lair:2)
  A hornet (D:8)
  20 dream sheep
  8 blink frogs
  3 jumping spiders (Lair:3)
  2 culicivoras (Lair:3)
  A spriggan (Lair:2)
  43 yaks
  2 wyverns
  Grum (D:10)
  5 basilisks
  4 steam dragons
  2 vampire mosquitoes (D:8)
  2 acid dragons (D:10)
  9 water moccasins
  An ice beast (D:7)
  2 black bears
  4 sky beasts
  5 orc warriors
  5 ogres
  9 wolves
  6 centaurs
  4 kobold brigands
  13 bullfrogs
  A cane toad simulacrum (Lair:5)
  6 gnoll sergeants
  3 scorpions
  9 wights
  3 jellies
  22 killer bees
  A howler monkey (D:5)
  4 gnoll boudas
  7 hounds
  7 orc priests
  2 sleepcaps (D:5)
  Jessica (D:3)
  4 iguanas
  7 orc wizards
  Ijyb (D:3)
  5 hell rats
  A mummy (D:12)
  32 gnolls
  9 adders
  A shadow imp (D:7)
  2 ufetubi (D:5)
  A worm (D:2)
  4 dart slugs
  34 orcs
  8 endoplasms
  5 giant cockroaches
  4 hobgoblins
  6 jackals (D:7)
  3 quokkas
  9 ball pythons
  6 bats
  4 frilled lizards
  7 goblins
  A jackal zombie (D:5)
  14 kobolds
  A kobold skeleton (D:5)
  4 rats
463 creatures vanquished.

Vanquished Creatures (collateral kills)
  A foxfire (Lair:3)
1 creature vanquished.

Vanquished Creatures (others)
  A boulder beetle (Lair:1)
  A torpor snail (Lair:5)
  647 foxfires
649 creatures vanquished.

Grand Total: 1113 creatures vanquished

Notes
Turn   | Place    | Note
-------+----------+-------------------------------------------
     0 | D:1      | shmup the Tengu Fire Elementalist began the quest for the
                  | Orb.
     0 | D:1      | Reached XP level 1. HP: 10/10 MP: 4/4
   186 | D:1      | Reached XP level 2. HP: 15/15 MP: 3/6
   224 | D:1      | Learned a level 2 spell: Scorch
   396 | D:1      | Reached skill level 4 in Fire Magic
   708 | D:1      | Reached XP level 3. HP: 19/19 MP: 5/7
  1121 | D:2      | Reached XP level 4. HP: 24/24 MP: 1/8
  1229 | D:2      | Found Gaemp's Book Shop.
  1229 | D:2      | Noticed Sigmund
  1607 | D:2      | Identified the +1 pair of boots of Cinisus {rPois rN+
                  | Int+2}
  1666 | D:2      | Reached skill level 5 in Fire Magic
  1982 | D:3      | Noticed Jessica
  1992 | D:3      | Killed Jessica
  1993 | D:3      | Gained mutation: Your magical nature lets you fly swiftly
                  | and evasively. [Tengu growth]
  1993 | D:3      | Reached XP level 5. HP: 28/28 MP: 6/9
  2318 | D:3      | Noticed Ijyb
  2510 | D:3      | Killed Ijyb
  2511 | D:3      | Reached skill level 6 in Fire Magic
  2765 | D:3      | Reached XP level 6. HP: 32/32 MP: 7/10
  3046 | D:4      | Identified the +4 leather armour of Elyvilon's Reproof {rN+
                  | Dex+2}
  3220 | D:4      | Reached skill level 1 in Fighting
  3829 | D:5      | Entered Level 5 of the Dungeon
  3856 | D:5      | Identified the +5 ring mail of Entitlement {Harm Int-2
                  | Dex+7}
  3962 | D:5      | Found a staircase to the Ecumenical Temple.
  4039 | Temple   | Entered the Ecumenical Temple
  4169 | Temple   | Became a worshipper of Vehumet
  4443 | D:5      | Reached XP level 7. HP: 40/40 MP: 3/11
  4570 | D:5      | Found a runed translucent door.
  4570 | D:5      | Noticed a human
  4577 | D:5      | Found a basalt altar of Yredelemnul.
  5120 | D:5      | Reached skill level 5 in Conjurations
  5200 | D:5      | Found a broken altar of Ashenzari.
  5214 | D:5      | Found a snail-covered altar of Cheibriados.
  5348 | D:5      | Found a burning altar of Makhleb.
  5601 | D:5      | Learned a level 3 spell: Inner Flame
  5807 | D:5      | Reached skill level 7 in Fire Magic
  6049 | D:6      | Reached XP level 8. HP: 45/45 MP: 7/12
  6268 | D:6      | Found a white marble altar of Elyvilon.
  6276 | D:6      | Reached skill level 8 in Fire Magic
  6284 | D:6      | Learned a level 4 spell: Flame Wave
  6396 | D:6      | Reached skill level 1 in Hexes
  6722 | D:6      | Found Qemoluwu's Antique Armour Shop.
  6769 | D:7      | Reached * piety under Vehumet
  6769 | D:7      | Offered knowledge of Magic Dart by Vehumet.
  7015 | D:7      | Reached skill level 9 in Fire Magic
  7228 | D:7      | Reached XP level 9. HP: 49/49 MP: 10/13
  7693 | D:7      | Reached skill level 10 in Fire Magic
  8191 | D:7      | Reached ** piety under Vehumet
  8191 | D:7      | Offered knowledge of Freeze by Vehumet.
  8527 | D:7      | Found an iron altar of Okawaru.
  8537 | D:7      | Identified the +3 mace "Wedy" {heavy, rCorr Str+5 SInv
                  | Stlth-}
  8928 | D:7      | Reached skill level 11 in Fire Magic
  8983 | D:7      | Found a sacrificial altar of Ru.
  9175 | D:8      | Noticed a hornet
  9287 | D:8      | Noticed a two-headed ogre
  9318 | D:8      | Killed a two-headed ogre
  9319 | D:8      | Reached skill level 5 in Dodging
  9319 | D:8      | Reached XP level 10. HP: 56/56 MP: 6/14
 10713 | D:9      | Reached skill level 12 in Fire Magic
 11125 | D:9      | Offered knowledge of Ignite Poison by Vehumet.
 11129 | D:9      | Reached skill level 1 in Summonings
 11196 | D:9      | Reached skill level 10 in Conjurations
 11482 | D:9      | Reached skill level 5 in Fighting
 11865 | D:9      | Reached *** piety under Vehumet
 11866 | D:9      | Reached XP level 11. HP: 63/63 MP: 4/15
 12500 | D:9      | Offered knowledge of Olgreb's Toxic Radiance by Vehumet.
 12570 | D:9      | Found a staircase to the Lair.
 12794 | D:10     | Entered Level 10 of the Dungeon
 13047 | D:10     | Learned a level 3 spell: Summon Guardian Golem
 13463 | D:10     | Reached **** piety under Vehumet
 13721 | D:10     | Offered knowledge of Fireball by Vehumet.
 13785 | D:10     | Reached skill level 5 in Summonings
 13883 | D:10     | Found Geraq's Book Boutique.
 13899 | D:10     | Noticed a two-headed ogre
 13903 | D:10     | Killed a two-headed ogre
 13938 | D:10     | Found Gozag's Platinum Reserve.
 13942 | D:10     | Found an opulent altar of Gozag.
 14214 | D:10     | Reached skill level 13 in Fire Magic
 14274 | D:10     | Noticed Psyche
 14451 | D:10     | Killed Psyche
 14503 | D:10     | Noticed Grum
 14516 | D:10     | Killed Grum
 14863 | Lair:1   | Entered Level 1 of the Lair of Beasts
 15253 | Lair:1   | Found an ancient bone altar of Kikubaaqudgha.
 15855 | Lair:1   | Noticed a boulder beetle
 15870 | Lair:1   | Killed a boulder beetle
 16158 | D:11     | Noticed a two-headed ogre
 16213 | D:10     | Killed a two-headed ogre
 16214 | D:10     | Reached XP level 12. HP: 70/70 MP: 6/16
 16966 | Lair:2   | Found a gate leading to a gauntlet.
 17261 | Lair:2   | Identified the +5 hand axe "Xosh" {holy, *Corrode rF- rC+
                  | Int+7}
 17576 | Lair:2   | Found a staircase to the Shoals.
 18440 | Lair:3   | Noticed a six-headed hydra
 18464 | Lair:3   | Killed a six-headed hydra
 18996 | Lair:3   | Reached skill level 5 in Spellcasting
 20010 | Lair:4   | Learned a level 5 spell: Fireball
 20016 | Lair:4   | Learned a level 5 spell: Arcjolt
 20184 | Lair:4   | Noticed Urug
 20190 | Lair:4   | Killed Urug
 20191 | Lair:4   | Reached XP level 13. HP: 76/76 MP: 13/25
 20996 | Lair:4   | Reached skill level 14 in Fire Magic
 21718 | Lair:3   | Found a hole to the Spider Nest.
 22440 | Lair:5   | Entered Level 5 of the Lair of Beasts
 22598 | Lair:5   | Reached ***** piety under Vehumet
 22924 | Lair:4   | Offered knowledge of Spellforged Servitor by Vehumet.
 23582 | Lair:5   | Found a staircase to the Slime Pits.
 23583 | Lair:5   | Found a viscous altar of Jiyva.
 24490 | Lair:5   | Noticed a dire elephant
 24490 | Lair:5   | Noticed a dire elephant
 24622 | Lair:5   | Learned a level 7 spell: Spellforged Servitor
 24723 | Lair:5   | Noticed a dire elephant
 24738 | Lair:5   | Reached XP level 14. HP: 82/82 MP: 11/28
 25301 | Lair:5   | Reached skill level 10 in Summonings
 25587 | Lair:5   | Killed a dire elephant
 26855 | D:8      | Noticed Joseph
 26858 | D:8      | Killed Joseph
 27349 | D:11     | Reached skill level 15 in Fire Magic
 27917 | D:11     | Noticed Nergalle
 27922 | D:11     | Killed Nergalle
 28037 | D:11     | Identified the +1 leather armour "Ankaixo" {Will+}
 28911 | D:12     | Found a snail-covered altar of Cheibriados.
 29098 | D:12     | Found a staircase to the Orcish Mines.
 29141 | D:12     | Got the Vademecum on Cloudy Combat Magic
 30039 | Orc:1    | Entered Level 1 of the Orcish Mines
 30085 | Orc:1    | Offered knowledge of Starburst by Vehumet.
 30089 | Orc:1    | Demolished by a two-headed ogre

Illustrated notes

Levels and vault maps discovered:
D:1:      dpeg_arrival_rhombi, layout_rooms, nicolae_figureground_sparkle
D:2:      minmay_diamond_boxcup, layout_basic, serial_shops,
          nicolae_book_shop_shelving, uniq_sigmund
D:3:      layout_basic, uniq_ijyb, uniq_jessica
D:4:      minmay_evil_eye, layout_cave_pods, kennysheep_generic_room_10
D:5:      layout_loops_corners, mainiacjoe_overflow_catwalk_spiral,
          dk_yredelemnul_ordeal, bloody_makhleb,
          minmay_temple_entry_proselytizer
D:6:      layout_cave_pools, elyvilon_altar_5, serial_shops,
          kennysheep_mini_moat, grunt_decor_cap
D:7:      nicolae_BIG_FREAKIN_CUBE, layout_cave_pools, kennysheep_mini,
          okawaru_ov_weapons_minmay, serial_gnoll_camp, gnoll_camp_huts_basic,
          gnoll_camp_medium_01, gnoll_camp_mini_basic, gnoll_camp_mini_basic,
          grunt_ministairs_10, minmay_misc_feat_nine_boxes
D:8:      minmay_angry_zag, layout_gridville, uniq_joseph
D:9:      layout_cave_pods, david_lair_shrubbed, hangedman_misty_isle
D:10:     layout_irregular_city, nicolae_gozag_zags_fifth_avenue, serial_shops,
          shop, minivault_7, uniq_grum, uniq_psyche
D:11:     layout_basic, solitary_fountain, uniq_nergalle
D:12:     layout_roguey, orc_0_dummy, slow_altar_1
Temple:   nicolae_temple_two_arcs
Lair:1:   layout_cave_pods, basic_altar, special_room
Lair:2:   layout_chaotic_city, minmay_shoals_entry_centaurs,
          gauntlet_entry_generic, grunt_forest_stairs_clearing
Lair:3:   layout_long_grid, spider_nest_entry_funnel_web,
          infiniplex_staircase_pool_2
Lair:4:   layout_cave_pods, uniq_urug
Lair:5:   due_jungle_book, layout_gridlike, slime_entry_1, grunt_megastairs_1
Orc:1:    layout_caves, basic_altar, mines1_david, uniq_erica

Skill      XL: |  1  2  3  4  5  6  7  8  9 10 11 12 13 14 |
---------------+-------------------------------------------+-----
Conjurations   | 2 3 4 5 7 9 10 11 12 13 | 13.6
Fire Magic     | 4 5 6 7 9 11 12 13 14 15 | 15.1
Fighting       | 2 4 5 6 7 |  7.9
Dodging        | 4 5 6 7 8 9 |  9.1
Hexes          | 2 3 4 |  4.9
Summonings     | 3 6 7 9 11 | 11.2
Spellcasting   | 7 9 |  9.0
Stealth        | |  2.0

Action                     |  1- 3 |  4- 6 |  7- 9 | 10-12 | 13-15 || total
---------------------------+-------+-------+-------+-------+-------++-------
  Melee: Short sword       |     3 |       |       |       |       ||     3
         Kick              |     3 |    11 |    12 |     4 |     1 ||    31
         Dagger            |     1 |    40 |    30 |       |       ||    71
         Peck              |       |     8 |    10 |     1 |     1 ||    20
         Punch             |       |       |     1 |       |       ||     1
         Spear             |       |       |    19 |    14 |       ||    33
         Staff             |       |       |       |     4 |     1 ||     5
   Cast: Foxfire           |    42 |    57 |    99 |   153 |    24 ||   375
         Scorch            |     2 |    35 |    83 |   172 |   153 ||   445
         Inner Flame       |       |       |     6 |    79 |    58 ||   143
         Flame Wave        |       |       |       |    10 |    28 ||    38
         Summon Guardian G |       |       |       |    14 |    30 ||    44
         Fireball          |       |       |       |       |    39 ||    39
    Use: Scroll            |     1 |     4 |     9 |    13 |     6 ||    33
         Potion            |       |       |       |     1 |       ||     1
 Armour: Robe              |     5 |    15 |    15 |    13 |    15 ||    63
  Dodge: Dodged            |    15 |    33 |    80 |   155 |   130 ||   413
